 Dungeon Crawl Stone Soup version 0.19.1-1-g22dce08 (webtiles) character file.

95 Kiturien the Insei (level 4, -3/28 HPs)
             Began as an Octopode Transmuter on Jan 14, 2017.
             Slain by Sigmund
             ... wielding a +0 scythe
              (4 damage)
             ... on level 3 of the Dungeon.
             The game lasted 00:12:00 (2208 turns).

Kiturien the Insei (Octopode Transmuter)            Turns: 2208, Time: 00:12:01

Health: -3/28      AC:  1    Str:  8 (10) XL:     4   Next: 66%
Magic:  7/7        EV: 14    Int: 12 (15) God:
Gold:   187        SH:  0    Dex: 11 (12) Spells: 2 memorised, 5 levels left

rFire  . . .     SeeInvis .     i - +0 rapier
rCold  . . .     Gourm    .     (no shield)
rNeg   . . .     Faith    .     (helmet restricted)
rPois  .         Spirit   .     (no amulet)
rElec  .         Reflect  .     (no ring)
rCorr  .         Harm     .     (no ring)
MR     .....                    (no ring)
Stlth  +++.......               (no ring)
                                (no ring)
                                (no ring)
                                (no ring)
                                (no ring)

@: no status effects
A: almost no armour, stealthy swim, amphibious, 8 rings, constrict 8, camouflage
1, gelatinous body 1
a: no special abilities


You were on level 3 of the Dungeon.
You were not hungry.

You visited 1 branch of the dungeon, and saw 3 of its levels.

You collected 187 gold pieces.

Inventory:

Hand Weapons
 d - a +0 dagger
 i - a +0 rapier (weapon)
Missiles
 a - 39 arrows
Scrolls
 f - 2 scrolls of teleportation
 h - a scroll of noise
Books
 b - a book of Changes

   Spells                             Type                      Level
   a - Beastly Appendage              Transmutation                1
   b - Sticks to Snakes               Transmutation                2
   c - Spider Form                    Transmutation/Poison         3
   d - Ice Form                       Ice/Transmutation            4
   e - Blade Hands                    Transmutation                5
 e - a book of Misfortune

   Spells                             Type                      Level
   a - Confusing Touch                Hexes                        1
   b - Confuse                        Hexes                        3
   c - Gell's Gravitas                Hexes/Translocation          3
   d - Petrify                        Transmutation/Earth          4
   e - Metabolic Englaciation         Hexes/Ice                    5
   f - Yara's Violent Unravelling     Hexes/Transmutation          5
Comestibles
 c - a bread ration
 g - a beef jerky


   Skills:
 + Level 1.2 Fighting
 + Level 1.7 Short Blades
 + Level 2.8 Dodging
 + Level 2.3 Stealth
 + Level 3.6 Unarmed Combat
 + Level 2.1 Spellcasting
 + Level 2.1 Transmutations


You had 5 spell levels left.
You knew the following spells:

 Your Spells              Type           Power        Failure   Level  Hunger
a - Beastly Appendage     Tmut           #.....       12%         1    ##.....
b - Confusing Touch       Hex            #.....       28%         1    ##.....


Dungeon Overview and Level Annotations

Branches:
Dungeon (3/15)

Altars:

Annotations:
D:3 Sigmund


Innate Abilities, Weirdness & Mutations

You cannot wear most types of armour.
You are very stealthy in the water. (Stealth+)
You are amphibious.
You can wear up to eight rings at the same time.
You can use your tentacles to constrict eight enemies at once.
Your skin changes colour to match your surroundings (Stealth+).
Your rubbery body absorbs attacks. (AC +1, EV +1)


Message History

The orc shouts!
A frilled lizard comes into view.
Sigmund casts a spell.
Sigmund flickers and vanishes!
Deactivating autopickup; reactivate with Ctrl-A.
The kobold hits you with a dagger.
You are confused.
You miss the kobold. The kobold hits you but does no damage.
Something hits you.
You see here a bat corpse.
Something hits you!
* * * LOW HITPOINT WARNING * * *
Found a gold piece.
It was a potion of degeneration.
There was something very wrong with that liquid.
You feel weakened.
You feel dopey.
You feel clumsy. The kobold hits you but does no damage.
You feel less confused. The kobold closely misses you. Something hits you.
You die...

########........#.#
#....#...#...###..###
#......#...##.......#
#........##.........#
#......##...##......#
....................#
.. #....##......###
$...#............#
#....@.....#..#
.#..#.K{.......#
#...#.o........#
#.#............#
#..#......†.....#
#.................
#.........?#...#..
.............##..
...#...........#


You could see an orc and a kobold.

Vanquished Creatures
  3 gnolls (D:2)
  An ooze (D:1)
  A worm (D:2)
  5 dart slugs
  A leopard gecko (D:1)
  5 bats
  2 giant cockroaches (D:1)
  9 goblins
  2 hobgoblins
  2 jackals (D:2)
  8 kobolds
  2 frilled lizards (D:1)
  8 rats
49 creatures vanquished.

Notes
Turn   | Place    | Note
-------+----------+-------------------------------------------
     0 | D:1      | Kiturien the Octopode Transmuter began the quest for the Orb.
     0 | D:1      | Reached XP level 1. HP: 13/13 MP: 3/3
    28 | D:1      | Reached XP level 2. HP: 11/18 MP: 5/5
   588 | D:1      | Reached XP level 3. HP: 23/23 MP: 6/6
   634 | D:1      | Reached skill level 1 in Stealth
   840 | D:2      | Learned a level 1 spell: Confusing Touch
  1339 | D:2      | Reached skill level 1 in Short Blades
  1339 | D:2      | Reached XP level 4. HP: 17/28 MP: 4/7
  2191 | D:3      | Noticed Sigmund
  2206 | D:3      | HP: 1/28 [something (12)]
  2208 | D:3      | Slain by Sigmund

Skill      XL: |  1  2  3  4 |
---------------+-------------+-----
Stealth        | 1 2 |  2.3
Short Blades   | 1 |  1.7
Fighting       | |  1.2
Dodging        | |  2.8
Unarmed Combat | |  3.6
Spellcasting   | |  2.1
Transmutations | |  2.1

Action                   |  1- 3 |  4- 6 || total
-------------------------+-------+-------++-------
Melee: Unarmed           |    21 |       ||    21
       Tentacles         |    13 |     6 ||    19
       Constrict         |    21 |     8 ||    29
       Dagger            |    61 |    15 ||    76
       Punch             |     2 |     3 ||     5
       Kick              |     2 |       ||     2
       Spear             |       |    15 ||    15
       Rapier            |       |     2 ||     2
 Cast: Confusing Touch   |     1 |       ||     1
       Beastly Appendage |     1 |       ||     1
  Use: Potion            |     3 |     2 ||     5
       Scroll            |       |     5 ||     5
 Stab: Sleeping          |     8 |     2 ||    10
  Eat: Bread ration      |     1 |       ||     1
Armor: Skin              |    11 |     3 ||    14
Dodge: Dodged            |    63 |    22 ||    85
